 Dungeon Crawl Stone Soup version 0.31.0-11-ge490571c62 (webtiles) character file.

Game seed: 4702085896614549392

85 Gadfly the Insei (level 4, -3/35 HPs)
             Began as a Demonspawn Monk on Feb 3, 2024.
             Killed from afar by Sigmund (9 damage)
             ... with a puff of flame
             ... on level 2 of the Dungeon.
             The game lasted 00:02:30 (1593 turns).

Gadfly the Insei (Demonspawn Monk)                  Turns: 1593, Time: 00:02:30

Health: -3/35      AC:  2    Str: 14    XL:     4   Next: 25%
Magic:  4/4        EV: 13    Int: 10    God:
Gold:   81         SH:  0    Dex: 15    Spells: 2/3 levels left

rFire   . .          .
                       - Unarmed
rCold   . . .        c - orb {light}
rNeg    . . .        h - +0 robe
rPois   .            (no helmet)
rElec   .            (no cloak)
rCorr   .            (no gloves)
SInv    .            (no boots)
Will    .....        (no amulet)
Stlth   +            (no ring)
HPRegen 0.25/turn    (no ring)
MPRegen 0.09/turn

%: no passive effects
@: glowing, studying Axes
A: demonic guardian 1
a: no special abilities


You were on level 2 of the Dungeon.
You visited 1 branch of the dungeon, and saw 2 of its levels.

You collected 81 gold pieces.

Inventory:

Armour
 c - an orb of light (worn)
 h - a +0 robe (worn)
Potions
 a - a potion of enlightenment {unknown}
 b - a potion of ambrosia
 d - a potion of berserk rage {unknown}
 e - a potion of lignification
 f - 2 potions of curing {unknown}
 g - a potion of resistance {unknown}
 i - a potion of attraction {unknown}


   Skills:
 - Level 3.0 Fighting
 + Level 3.0 Dodging
 * Level 3.3 Unarmed Combat
 * Level 1.9 Evocations
 * Level 1.5 Shapeshifting


You had 2 spell levels left.
You knew the following spells:

 Your Spells              Type           Power      Damage    Failure   Level
a - Apportation           Tloc           0%         N/A       36%         1

Your spell library contained the following spells:

 Spells                   Type           Power      Damage    Failure   Level
 Jinxbite                 Hex            0%         N/A       50%         2
 Alistair's Intoxication  Alch           0%         N/A       100%        5


Dungeon Overview and Level Annotations

Branches:
Dungeon (2/15)

Altars:

Shops:
D:1 :[   D:2 [

Annotations:
D:2 Sigmund


Innate Abilities, Weirdness & Mutations

A weak demonic guardian rushes to your aid.


Message History

You hit Sigmund but do no damage.
Sigmund is lightly wounded.
The kobold hits you with a +0 dagger.
You hit Sigmund.
Sigmund is moderately wounded.
Sigmund points at you and mumbles some strange words.
You are confused.
The kobold hits you but does no damage.
You are too confused!
You are too confused!
You are too confused!
You are too confused!
You are too confused!
You are too confused!
You are too confused!
You are too confused!
You are too confused!
You are too confused!
You are too confused!
You are too confused!
You are too confused!
Unknown command.
Sigmund barely misses you. The kobold attacks as it pursues you!
The kobold hits you with a +0 dagger. Sigmund hits you with a +0 scythe.
The kobold closely misses you. The kobold closely misses you.
You're too confused to move!
Sigmund hits you from afar with a +0 scythe!
The kobold hits you with a +0 dagger.
* * * LOW HITPOINT WARNING * * *
You hit the kobold but do no damage. Sigmund closely misses you.
The kobold hits you with a +0 dagger.
* * * LOW HITPOINT WARNING * * *
A demonic guardian appears!
Unknown command.
You feel less confused. Sigmund gestures at you while chanting.
The puff of flame hits you!
You die...
Sigmund begins carving another notch in his scythe.

#.# ##.# #######.##### ###..
#### ............# #.... ...
###########÷# #.###
#.##.########## #[# ##.# #
#.............# #)###..###
#=.##'#######.#####..#..#...
# #........#..........#..##
#.......@#.####.......##
#.....5K.#.# ####....#
#........#.## ##....#.###
#......@.#..# #..#.......
#........#..###.#........
#........#...##...###.#.#
#........#.#.....####...#
#######+##.#...####.....#
......†....#.......#.#


You could see Sigmund (invisible), a kobold (ally target) and a friendly iron
imp (summoned).

Vanquished Creatures
  Jessica (D:2)
  A ribbon worm (D:2)
  2 ball pythons (D:1)
  7 endoplasms
  A giant cockroach (D:1)
  5 goblins
  2 hobgoblins (D:1)
  4 jackals (D:2)
  2 quokkas
  6 bats
  A frilled lizard (D:1)
  5 kobolds
  2 rats
39 creatures vanquished.

Vanquished Creatures (collateral kills)
  An adder (D:2)
  A goblin (D:1)
  A hobgoblin (D:1)
  A frilled lizard (D:2)
4 creatures vanquished.

Grand Total: 43 creatures vanquished

Notes
Turn   | Place    | Note
-------+----------+-------------------------------------------
     0 | D:1      | Gadfly the Demonspawn Monk began the quest for the Orb.
     0 | D:1      | Reached XP level 1. HP: 18/18 MP: 1/1
   117 | D:1      | Found Viribux's Vocational Training.
   222 | D:1      | Gained mutation: A weak demonic guardian rushes to your
                  | aid. [demonic ancestry]
   222 | D:1      | Reached XP level 2. HP: 23/24 MP: 2/2
   313 | D:1      | Reached skill level 1 in Evocations
   530 | D:1      | Found a faded altar of an unknown god.
   637 | D:1      | Found Bilemif's Antique Armour Shop.
   820 | D:1      | Learned a level 1 spell: Apportation
   919 | D:2      | Reached skill level 1 in Shapeshifting
   919 | D:2      | Reached XP level 3. HP: 29/29 MP: 3/3
  1124 | D:2      | Found Tounwom's Antique Armour Shop.
  1144 | D:2      | Noticed Jessica
  1169 | D:2      | Killed Jessica
  1170 | D:2      | Reached XP level 4. HP: 20/35 MP: 4/4
  1574 | D:2      | Noticed Sigmund
  1593 | D:2      | Killed from afar by Sigmund

Illustrated notes

Levels and vault maps discovered:
D:1:      nicolae_arrival_somewhat_less_tricky_arrival, layout_basic,
          serial_shops, nicolae_shop_peninsula, ebering_ecumenical_altar_webs,
          nicolae_shop_vocational
D:2:      layout_rooms, serial_shops, shop, minivault_25, uniq_jessica,
          uniq_sigmund

Skill      XL: |  1  2  3 |
---------------+----------+-----
Evocations     | 1 |  1.9
Unarmed Combat | 3 |  3.3
Shapeshifting  | 1 |  1.5
Dodging        | 3 |  3.0
Fighting       | |  3.0

Action                     |  1- 3 |  4- 6 || total
---------------------------+-------+-------++-------
  Melee: Unarmed           |   112 |    30 ||   142
    Use: Scroll            |     3 |       ||     3
 Armour: Robe              |    48 |    27 ||    75
  Dodge: Dodged            |    69 |    30 ||    99
